 Dungeon Crawl Stone Soup version 0.13.0-17-g5f0e85f (webtiles) character file.

432 Jaijje the Archer (level 5, -3/34 HPs)
             Began as a High Elf Hunter on Oct 21, 2013.
             Slain by a worker ant (6 damage)
             ... on Level 3 of the Dungeon.
             The game lasted 00:07:12 (2354 turns).

Jaijje the Archer (High Elf Hunter)                 Turns: 2354, Time: 00:07:12

HP  -3/34        AC  4     Str 11      XL: 5   Next: 86%
MP   7/7         EV 11     Int 14      God:
Gold 184         SH  0     Dex 17      Spells:  0 memorised,  4 levels left

Res.Fire  : . . .   See Invis. : .   b - +1 elf bow
Res.Cold  : . . .   Warding    : .   d - +0 elf leather armour
Life Prot.: . . .   Conserve   : .   (no shield)
Res.Poison: .       Res.Corr.  : .   (no helmet)
Res.Elec. : .       Clarity    : .   t - +0 cloak
Sust.Abil.: . .     Spirit.Shd : .   (no gloves)
Res.Mut.  : .       Stasis     : .   (no boots)
Res.Rott. : .       Flight     : .   (no amulet)
Saprovore : . . .                    (no ring)
                                     (no ring)

@: confused, slightly resistant to hostile enchantments, very unstealthy
A: no striking features
a: no special abilities


You were on level 3 of the Dungeon.
You were very hungry.

You visited 1 branch of the dungeon, and saw 4 of its levels.

You collected 164 gold pieces.

Inventory:

Hand weapons
 a - a +0,+0 elven short sword
 b - a +1,+1 elven bow (weapon)
Missiles
 c - 58 arrows (quivered)
 m - 14 poisoned arrows
Armour
 d - a +0 elven leather armour (worn)
 t - a +0 cloak (worn)
Comestibles
 f - 3 bread rations
 p - a meat ration
Scrolls
 e - 4 scrolls of remove curse {unknown}
 h - a scroll of fog {unknown}
 j - 3 scrolls of teleportation {unknown}
 k - a scroll of amnesia {unknown}
 l - a scroll of identify {unknown}
 o - a scroll of magic mapping {unknown}
 s - 2 scrolls of enchant weapon I {unknown}
 u - a scroll of random uselessness {unknown}
 v - a scroll of curse weapon {unknown}
Potions
 i - a potion of speed {unknown}
 n - a potion of invisibility {unknown}
 q - a potion of berserk rage {unknown}
 r - 3 potions of restore abilities {unknown}


   Skills:
 - Level 1.0 Fighting
 * Level 9.4 Bows
 - Level 2.1 Dodging
 - Level 1.1 Stealth


You had 4 spell levels left.
You didn't know any spells.

Dungeon Overview and Level Annotations

Branches:
Dungeon (4/27)
 Temple: D:4-7

Altars:
Yredelemnul


Message History

* * * LOW HITPOINT WARNING * * *
The worker ant barely misses you.
Firing (i - inventory. (,) - cycle):
c - 60 arrows (quivered)
Press: ? - help, Shift-Dir - straight line, f - adder, p - worker ant
Aim: an adder You shoot an arrow.
The arrow misses the adder.
The adder barely misses you.
The worker ant bites you but does no damage.
Firing (i - inventory. (,) - cycle):
c - 59 arrows (quivered)
Press: ? - help, Shift-Dir - straight line, f/p - adder
Aim: an adder You shoot an arrow.
The arrow hits the adder.
The adder is heavily wounded.
The adder misses you. The worker ant bites you.
* * * LOW HITPOINT WARNING * * *
The adder bites you.
* * * LOW HITPOINT WARNING * * *
Drink which item? (? for menu, Esc to quit)
You are confused.
It was a potion of confusion.
The worker ant bites you.
You die...

#...# ♣♣♣ #...#
♣♣♣♣♣♣♣#####
#...#######
.♣♣♣♣♣♣#..)#
#......(..#
..♣♣♣♣.....#
#.........#
...♣..♣#...#
#.......<.#
..♣.♣♣♣#####
#.........#
♣♣♣♣♣♣♣♣
#[.S......#
♣♣♣♣♣♣
#a@.......# #
#######.........#
#
#...............#
#
#...............#
#
#...............#
#
#..####.........#
# #..#
#.........# #
#..# #.........#
#########..#
#.........#


You could see a worker ant and an adder.

Vanquished Creatures
  A hungry ghost (D:3)
  Crazy Yiuf (D:3)
  3 adders
  A giant mite (D:2)
  4 giant geckos
  A ball python (D:3)
  10 bats
  2 giant cockroaches
  13 goblins
  3 hobgoblins (D:2)
  13 kobolds
  A giant newt (D:2)
  An orc skeleton (D:4)
  6 rats
60 creatures vanquished.

Notes
Turn   | Place    | Note
--------------------------------------------------------------
     0 | D:1      | Jaijje, the High Elf Hunter, began the quest for the Orb.
     0 | D:1      | Reached XP level 1. HP: 14/14 MP: 1/1
   269 | D:1      | Reached XP level 2. HP: 16/19 MP: 2/2
   304 | D:1      | Reached skill level 6 in Bows
  1029 | D:2      | Reached XP level 3. HP: 24/24 MP: 4/4
  1097 | D:2      | Reached skill level 7 in Bows
  1222 | D:2      | Reached XP level 4. HP: 29/29 MP: 6/6
  1555 | D:3      | Noticed a hungry ghost
  1560 | D:3      | Killed a hungry ghost
  1560 | D:3      | Reached skill level 9 in Bows
  1560 | D:3      | Reached XP level 5. HP: 34/34 MP: 7/7
  1646 | D:3      | Found a basalt altar of Yredelemnul.
  1949 | D:3      | Noticed Crazy Yiuf
  1971 | D:3      | Killed Crazy Yiuf
  2354 | D:3      | Slain by a worker ant

Action                   |  1- 3 |  4- 6 || total
-------------------------+-------+-------++-------
 Fire: Bow               |    67 |    53 ||   120
  Use: Potion            |       |     1 ||     1
